 Dungeon Crawl Stone Soup version 0.31.0-11-ge490571c62 (webtiles) character file.

Game seed: 2998902271061994168

293 Gadfly the Ducker (level 6, -2/48 HPs)
             Began as a Merfolk Monk on Jan 29, 2024.
             Slain by an iguana (13 damage)
             ... on level 3 of the Dungeon.
             The game lasted 00:04:45 (3276 turns).

Gadfly the Ducker (Merfolk Monk)                    Turns: 3276, Time: 00:04:46

Health: -2/48      AC:  2    Str: 20    XL:     6   Next: 33%
Magic:  6/6        EV: 14    Int:  9    God:
Gold:   238        SH:  0    Dex: 16    Spells: 5/5 levels left

rFire   . . .        b - +1 falchion (drain)
rCold   . . .        c - orb {light}
rNeg    . . .        a - +0 robe
rPois   .            (no helmet)
rElec   .            (no cloak)
rCorr   .            (no gloves)
SInv    .            (no boots)
Will    .....        l - amulet of the acrobat
Stlth   +            k - +6 ring of strength
HPRegen 0.28/turn    (no ring)
MPRegen 0.10/turn

%: acrobat
@: glowing
A: (nimble swimmer 2), mertail
a: no special abilities


You were on level 3 of the Dungeon.
You visited 1 branch of the dungeon, and saw 4 of its levels.

You collected 238 gold pieces.

Inventory:

Hand Weapons
 b - a +1 falchion of draining (weapon)
 n - a +1 flail of protection
Armour
 a - a +0 robe (worn)
 c - an orb of light (worn)
Jewellery
 k - a +6 ring of strength (left hand)
 l - an amulet of the acrobat (around neck)
Talismans
 e - a serpent talisman
 i - a flux talisman
Scrolls
 d - 2 scrolls of identify
 h - a scroll of torment
 o - a scroll of teleportation
Potions
 f - 2 potions of lignification
 g - 3 potions of curing
 m - 2 potions of ambrosia


   Skills:
 + Level 4.1 Fighting
 + Level 4.9 Dodging
 * Level 4.8 Unarmed Combat
 * Level 2.6 Evocations
 * Level 3.3 Shapeshifting


You had 5 spell levels left.
You didn't know any spells.
Your spell library was empty.

Dungeon Overview and Level Annotations

Branches:
Dungeon (4/15)
 Temple: D:4-7

Altars:


Innate Abilities, Weirdness & Mutations

((You are very nimble when in or above water. (Stealth+, EV+, Speed+++)))
Your lower body shifts to a powerful aquatic tail in water.


Message History

You hit the orc. You drain the orc.
You kill the orc!
You feel sick.
You are no longer poisoned.
You now have 238 gold pieces (gained 19).
Items here: )) ††.
You start resting.
HP restored.
You start waiting.
Done waiting.
There is a stone staircase leading down here.
You climb downwards.
The orc priest invokes the aid of Beogh against you.
Pain shoots through your body!
There is a stone staircase leading up, spattered with blood here.
You climb upwards.
There is a stone staircase leading down here.
You climb downwards.
The orc wizard gestures at you while chanting.
You are confused.
The orc priest calls down the wrath of Beogh upon you.
Beogh smites you! The iguana bites you.
There is a stone staircase leading up, spattered with blood here.
The iguana bites you.
You climb upwards.
There is a stone staircase leading down here.
You are too injured to fight recklessly!
You bump into the rock wall.
The iguana misses you. The iguana misses you.
Unknown command.
You feel less confused. The iguana attacks as it pursues you!
The iguana closely misses you.
You barely miss the iguana. The iguana bites you!
* * * LOW HITPOINT WARNING * * *
You hit the iguana but do no damage. The iguana barely misses you.
The iguana closely misses you.
You hit the iguana.
The iguana is lightly wounded.
The iguana bites you!
You die...

#............#.##.#
##.................#
.#............#<##.###
.#..............<....#
.#............#...##.##
.##############)......#
.# #..............######
.# #..............#....#
.###.......(....@l#)##.#
...................>.#.#
.###.............##.##.#
.###................##.#
..#################.##.#
....##### #.......#
.##.....# #.#.#####
.######.## ####.#.# ##
#..# #......#


You could see an iguana.

Vanquished Creatures
  2 jellies (D:4)
  An iguana (D:4)
  An orc wizard (D:4)
  3 gnolls (D:3)
  6 adders
  A white imp (D:3)
  A dart slug (D:2)
  8 orcs (D:3)
  8 bats
  7 endoplasms
  2 giant cockroaches
  8 hobgoblins
  4 jackals
  6 kobolds
  A quokka (D:2)
  10 ball pythons
  4 frilled lizards
  8 goblins
  5 rats
86 creatures vanquished.

Notes
Turn   | Place    | Note
-------+----------+-------------------------------------------
     0 | D:1      | Gadfly the Merfolk Monk began the quest for the Orb.
     0 | D:1      | Reached XP level 1. HP: 18/18 MP: 1/1
   127 | D:1      | Reached XP level 2. HP: 17/24 MP: 2/2
   224 | D:1      | Reached skill level 1 in Shapeshifting
   394 | D:1      | Reached skill level 1 in Evocations
   459 | D:1      | Reached XP level 3. HP: 29/29 MP: 3/3
   966 | D:2      | Reached XP level 4. HP: 36/36 MP: 4/4
  1992 | D:3      | Reached XP level 5. HP: 8/42 MP: 5/5
  2773 | D:4      | Reached XP level 6. HP: 45/48 MP: 6/6
  2803 | D:4      | HP: 2/48 [ogre/+0 giant club (20)]
  3276 | D:3      | Slain by an iguana

Illustrated notes

Levels and vault maps discovered:
D:1:      evilmike_arrival_rings, layout_loops_ring
D:2:      layout_basic
D:3:      layout_basic
D:4:      layout_basic, uniq_edmund

Skill      XL: |  1  2  3  4  5 |
---------------+----------------+-----
Shapeshifting  | 1 2 3 |  3.3
Evocations     | 1 2 |  2.6
Unarmed Combat | 4 |  4.8
Fighting       | 4 |  4.1
Dodging        | |  4.9

Action                     |  1- 3 |  4- 6 || total
---------------------------+-------+-------++-------
  Melee: Unarmed           |    81 |    72 ||   153
         Falchion          |       |    67 ||    67
    Use: Scroll            |     3 |     7 ||    10
         Potion            |       |     1 ||     1
 Armour: Robe              |    22 |    94 ||   116
  Dodge: Dodged            |    52 |   138 ||   190
